Map: Ever Dream LE

Players

Kakarotto - Winner!

  • Race: Protoss Protoss
  • League: Silver
  • Spawn Location: 7:00

antagomiR

  • Race: Protoss Protoss
  • League: Gold
  • Spawn Location: 1:00

VOD

Have the link to the VOD?

Description

Time

  • Played on: April 1, 2020, 9:09 p.m.
  • Length: 22:08
Show
View Real Time Build Order
Export as new Build Order

Kakarotto Protoss - Winner!

Build Orders:  

Get SALT Encoding   

  12  0:01  Probe  
  13  0:17  Pylon  
  13  0:20  Probe  
  14  0:39  Gateway  
  14  0:41  Probe  
  14  0:42  Assimilator  
  15  0:57  Pylon  
  15  1:04  Forge  
  15  1:16  Probe (Chrono Boost)  
  17  1:26  Probe (Chrono Boost), Assimilator  
  17  1:31  Probe (Chrono Boost)  
  17  1:37  Cybernetics Core  
  18  1:54  Photon Cannon  
  18  2:04  Photon Cannon  
  18  2:30  Probe (Chrono Boost)  
  19  2:41  Warp Gate (Chrono Boost), Probe (Chrono Boost)  
  20  2:46  Probe (Chrono Boost)  
  21  2:57  Probe  
  22  3:08  Pylon  
  22  3:09  Probe  
  23  3:27  Nexus  
  23  3:28  Pylon  
  23  3:35  Gateway  
  23  3:46  Stargate  
  23  3:58  Pylon  
  23  4:05  Pylon  
  23  4:11  Gateway  
  23  4:23  Stalker  
  25  4:28  Probe  
  25  4:30  Assimilator  
  26  4:40  Probe, Photon Cannon  
  26  4:42  Probe  
  29  4:52  Probe  
  29  4:54  Probe  
  30  5:06  Probe  
  31  5:07  Stalker  
  31  5:09  Stalker  
  35  5:15  Sentry  
  35  5:18  Probe  
  38  5:22  Shield Battery  
  38  5:30  Protoss Ground Weapons Level 1  
  38  5:31  Probe  
  39  5:43  Probe  
  39  5:48  Fleet Beacon  
  40  5:55  Probe  
  41  6:12  Stargate  
  41  6:14  Probe  
  41  6:15  Pylon  
  42  6:18  Assimilator  
  42  6:26  Probe, Twilight Council  
  42  6:29  Robotics Facility  
  43  6:39  Probe  
  44  6:50  Stalker  
  44  6:51  Probe, Stalker x2  
  51  6:58  Photon Cannon  
  51  7:03  Probe  
  51  7:06  Tempest  
  57  7:15  Tempest  
  62  7:22  Observer  
  63  7:28  Probe  
  64  7:30  Probe  
  64  7:33  Protoss Air Weapons Level 1  
  65  7:39  Stalker  
  65  7:40  Probe  
  65  7:42  Probe  
  73  7:51  Immortal  
  73  7:52  Probe  
  73  7:54  Probe  
  75  8:04  Probe  
  76  8:06  Pylon  
  76  8:11  Templar Archives  
  76  8:17  Stalker  
  78  8:24  Tempest  
  78  8:26  Stalker  
  85  8:44  Pylon  
  85  8:45  Pylon  
  85  9:00  Protoss Shields Level 1  
  85  9:01  Tempest  
  85  9:02  Psionic Storm  
  90  9:06  Immortal  
  94  9:13  Tempest  
  99  9:26  Robotics Bay  
  99  9:50  Nexus  
  99  9:51  Pylon  
  99  10:01  Pylon  
  99  10:09  Tempest  
  99  10:10  Shield Battery  
  99  10:11  Photon Cannon  
  104  10:32  Tempest, Stargate  
  104  10:35  High Templar x2  
  113  10:50  Photon Cannon  
  113  10:52  Photon Cannon  
  113  10:54  Photon Cannon  
  113  11:04  Colossus (Chrono Boost)  
  119  11:12  Protoss Ground Armor Level 1  
  119  11:18  Probe  
  119  11:19  Assimilator  
  119  11:24  Probe  
  119  11:25  Assimilator  
  121  11:30  Probe  
  122  11:36  Probe  
  123  11:43  Probe  
  123  11:45  High Templar  
  123  11:46  High Templar, Stalker  
  130  11:48  Probe  
  131  11:59  Gateway  
  131  12:11  Pylon  
  131  12:23  Photon Cannon  
  131  12:26  Pylon  
  131  12:28  High Templar  
  131  12:29  Tempest  
  138  12:49  Pylon  
  138  12:50  Pylon  
  138  12:52  Pylon, Tempest (Chrono Boost)  
  138  12:53  Tempest (Chrono Boost)  
  148  13:05  Pylon x2  
  148  13:06  Pylon  
  148  13:10  Protoss Air Armor Level 1  
  148  13:14  High Templar, Stalker  
  148  13:15  High Templar x2  
  156  13:23  Probe (Chrono Boost)  
  157  13:33  Probe (Chrono Boost)  
  158  13:35  Nexus  
  158  13:38  Probe (Chrono Boost)  
  159  13:49  Probe  
  160  14:01  Probe  
  161  14:43  Carrier x3 (Chrono Boost)  
  161  14:47  Stalker  
  161  14:48  Stalker x3  
  164  15:13  Stalker x4  
Show
View Real Time Build Order
Export as new Build Order

antagomiR Protoss 

Build Orders:  

Get SALT Encoding   

  12  0:01  Probe  
  13  0:13  Probe  
  14  0:18  Pylon  
  14  0:25  Probe  
  15  0:37  Probe  
  15  0:39  Gateway  
  16  0:49  Probe  
  17  0:52  Assimilator  
  17  1:01  Probe  
  18  1:05  Assimilator  
  18  1:13  Probe  
  19  1:27  Cybernetics Core  
  19  1:43  Probe  
  20  1:51  Zealot (Chrono Boost)  
  22  1:56  Probe  
  22  2:00  Warp Gate (Chrono Boost)  
  23  2:38  Gateway  
  23  2:40  Gateway  
  23  2:46  Pylon  
  23  3:04  Probe, Stalker  
  26  3:14  Robotics Facility  
  26  3:16  Probe  
  27  3:27  Gateway  
  27  3:28  Probe, Gateway  
  27  3:34  Stalker  
  30  3:48  Probe  
  31  3:49  Pylon  
  31  3:50  Pylon  
  31  4:06  Warp Prism  
  31  4:08  Probe  
  34  4:17  Stalker x2  
  34  4:18  Stalker  
  34  4:20  Probe  
  41  4:39  Stalker  
  41  4:43  Probe  
  44  4:55  Probe  
  45  5:07  Probe  
  46  5:19  Pylon  
  46  5:20  Pylon  
  46  5:35  Nexus  
  46  5:37  Immortal (Chrono Boost)  
  46  5:38  Pylon  
  50  5:45  Probe  
  51  5:50  Zealot x2  
  55  5:58  Probe  
  56  6:09  Twilight Council  
  56  6:12  Immortal (Chrono Boost)  
  60  6:26  Shield Battery  
  60  6:33  Zealot x2  
  60  6:34  Zealot x2  
  66  6:56  Probe  
  61  7:02  Probe  
  61  7:08  Probe, Assimilator  
  63  7:14  Probe, Zealot x2  
  63  7:15  Zealot  
  70  7:20  Probe  
  71  7:26  Probe  
  72  7:32  Probe, Forge  
  73  7:38  Probe  
  73  7:41  Pylon  
  73  7:42  Assimilator  
  74  7:44  Probe  
  74  7:50  Probe  
  75  7:51  Observer  
  75  7:59  Nexus  
  75  8:03  Probe  
  75  8:04  Probe  
  77  8:09  Charge (Chrono Boost)  
  78  8:13  Observer  
  78  8:16  Probe  
  79  8:20  Probe  
  79  8:22  Forge  
  80  8:28  Probe  
  80  8:30  Assimilator  
  80  8:33  Assimilator  
  81  8:39  Pylon  
  81  8:42  Zealot x3  
  87  8:57  Probe x2  
  89  9:07  Gateway  
  89  9:09  Probe  
  90  9:10  Gateway  
  90  9:11  Gateway  
  90  9:18  Protoss Ground Weapons Level 1 (Chrono Boost)  
  90  9:27  Photon Cannon  
  90  9:31  Photon Cannon  
  90  9:34  Photon Cannon, Protoss Ground Armor Level 1 (Chrono Boost)  
  88  9:42  Zealot x2, Stalker  
  94  9:48  Templar Archives  
  94  10:08  Zealot x3  
  94  10:09  Sentry x2  
  104  10:16  Sentry  
  104  10:17  Zealot  
  108  10:29  Probe x3  
  111  10:39  Pylon  
  111  10:41  Probe x3  
  114  10:42  Pylon  
  114  10:44  High Templar  
  116  10:54  Pylon  
  120  10:57  Pylon, Immortal  
  120  10:59  Pylon  
  120  11:00  High Templar  
  120  11:01  High Templar x5  
  132  11:04  Archon  
  132  11:05  Archon x2  
  132  11:11  Protoss Ground Weapons Level 2 (Chrono Boost)  
  132  11:18  Probe x3, Pylon  
  134  11:20  Pylon  
  135  11:32  High Templar  
  137  11:33  High Templar x2  
  137  11:36  Archon, Immortal  
  137  11:39  Archon  
  145  11:40  Zealot x2  
  145  11:41  Zealot  
  145  11:42  Zealot  
  151  12:05  Pylon  
  151  12:08  Pylon  
  151  12:09  Photon Cannon  
  151  12:11  Shield Battery  
  151  12:14  Dark Shrine  
  151  12:16  Immortal  
  155  12:38  Probe x3  
  158  12:44  Nexus  
  158  12:47  Pylon  
  158  12:50  Probe x2, Pylon x2  
  160  12:52  High Templar x3, Assimilator  
  160  12:53  High Templar x2  
  160  12:54  High Templar x2  
  160  12:55  Immortal  
  160  12:56  Archon  
  160  12:57  Archon, Assimilator  
  178  13:07  Archon  
  178  13:27  High Templar x3  
  178  13:28  Zealot x3  
  178  13:29  Zealot  
  192  13:36  Pylon  
  192  13:48  Probe x3  
  195  13:51  Protoss Ground Weapons Level 3 (Chrono Boost)  
  195  14:00  Probe  
  196  14:21  Archon  
  196  14:23  Archon, Zealot  
  196  14:24  Zealot  
  198  14:45  Zealot x5  
  195  14:46  Zealot x2  
  185  15:38  Pylon  
  185  15:39  Pylon  
  185  15:41  Pylon  
  185  15:44  Pylon  
  143  16:29  Probe  
  136  16:42  Probe  
  136  16:43  Photon Cannon  
  117  16:49  Photon Cannon  
  117  16:50  Photon Cannon  
  117  16:53  Photon Cannon  
  117  16:54  Probe  
  112  16:56  Photon Cannon  
  112  17:00  Gateway  
  96  17:02  Gateway  
  96  17:05  Gateway  
  96  17:06  Probe  
  79  17:18  Probe  
  76  17:30  Probe  
  77  17:42  Probe  
  78  17:47  Gateway  
  78  17:54  Probe  
  78  18:06  Probe  
  78  18:12  Gateway  
  79  18:13  Gateway  
  79  18:16  Gateway x2  
  79  18:20  Photon Cannon  
  79  18:22  Photon Cannon  
  79  18:24  Photon Cannon  
  79  18:27  High Templar  
  79  18:28  High Templar x2  
  84  18:53  Archon  
  84  18:57  High Templar  
  85  19:08  High Templar x2  
  85  19:09  High Templar  
  91  19:12  Archon  
  91  19:19  High Templar x3  
  91  19:21  Archon  
  88  19:33  Archon x2  
  86  19:52  Nexus  
  76  20:24  High Templar x4  
  76  20:25  High Templar  
  76  20:38  Archon x2  
  43  21:16  Zealot x2  
  45  21:45  Nexus  
  45  22:01  Nexus  
  42  22:03  Pylon  
Tags
 
Matchup
PvP
Replay Pack
20200422
Spawn Locations
Cross Positions
Add a new tag
Caveats
  • Supply blocks, unpowered buildings, or Contaminate may cause inaccurate times.
  • Supply counts are checked every 10 seconds.